Map: Abiogenesis LE

Players

fruitcake - Winner!

  • Race: Zerg Zerg
  • Spawn Location: 5:00

A.I. 1 (Harder)

  • Race: Terran Terran
  • Spawn Location: 11:00

VOD

Have the link to the VOD?

Description

Time

  • Played on: May 6, 2018, 8:13 a.m.
  • Length: 13:48
Show
View Real Time Build Order
Export as new Build Order

fruitcake Zerg - Winner!

Build Orders: Hatch First 

Get SALT Encoding   

  12  0:01  Drone  
  13  0:09  Drone  
  14  0:23  Overlord  
  14  0:28  Extractor  
  14  0:29  Drone  
  14  0:34  Drone, Extractor  
  14  0:48  Drone x2  
  16  0:56  Drone  
  17  1:06  Drone  
  18  1:17  Hatchery  
  17  1:21  Drone  
  18  1:33  Spawning Pool  
  18  1:38  Drone  
  18  1:46  Drone  
  19  1:50  Overlord  
  19  2:01  Drone  
  20  2:21  Queen  
  22  2:23  Zergling x2  
  22  2:24  Zergling x2  
  24  2:30  Drone  
  24  2:33  Queen  
  27  2:47  Drone  
  28  2:51  Zergling x2  
  28  2:52  Zergling x2  
  28  2:57  Overlord  
  30  3:06  Drone  
  30  3:07  Drone  
  30  3:10  Drone  
  33  3:18  Drone  
  33  3:19  Extractor  
  33  3:25  Zergling x2  
  35  3:27  Zergling x2  
  35  3:37  Drone, Roach Warren  
  35  3:40  Drone  
  36  3:42  Overlord  
  36  3:44  Drone  
  36  3:45  Drone x3  
  40  4:03  Evolution Chamber  
  40  4:06  Drone  
  40  4:09  Drone x3  
  44  4:10  Drone  
  44  4:13  Zergling x2  
  45  4:17  Drone x2  
  47  4:24  Roach  
  47  4:29  Roach  
  51  4:35  Overlord x2  
  51  4:40  Zergling x2  
  52  4:52  Zerg Melee Weapons Level 1  
  52  5:05  Drone x2  
  52  5:06  Drone x2  
  56  5:10  Roach  
  56  5:11  Roach x4  
  66  5:18  Lair  
  66  5:24  Drone  
  66  5:27  Extractor  
  66  5:31  Roach  
  66  5:33  Overlord  
  66  5:34  Overlord  
  68  5:56  Spine Crawler  
  67  5:59  Drone  
  67  6:00  Drone  
  67  6:02  Spine Crawler  
  67  6:03  Overlord x2  
  68  6:07  Roach  
  70  6:25  Hydralisk Den  
  64  6:36  Roach x2  
  64  6:37  Roach x3  
  74  6:41  Roach x10  
  74  6:45  Overseer  
  94  6:52  Zerg Missile Weapons Level 1  
  94  6:55  Hydralisk  
  94  6:56  Hydralisk  
  94  6:58  Overlord x2  
  98  7:02  Overlord  
  98  7:03  Overlord  
  98  7:19  Hatchery  
  97  7:28  Spire  
  96  7:32  Infestation Pit  
  95  7:38  Drone  
  95  7:40  Drone  
  95  7:41  Hydralisk  
  95  7:42  Hydralisk  
  101  7:56  Hydralisk x2  
  101  7:57  Hydralisk  
  107  8:32  Hydralisk  
  107  8:33  Hydralisk x5  
  119  8:38  Infestor x3  
  119  8:39  Infestor  
  119  8:40  Infestor  
  129  8:43  Drone x2  
  129  8:44  Drone  
  129  8:48  Queen  
  134  8:52  Drone  
  134  8:54  Overlord x3  
  135  9:00  Drone  
  136  9:08  Grooved Spines  
  136  9:09  Zerg Missile Weapons Level 2  
  136  9:13  Glial Reconstitution  
  136  9:16  Drone x3  
  139  9:34  Mutalisk, Corruptor  
  143  9:39  Zergling x2  
  143  9:41  Zergling x4  
  143  9:44  Zergling x2  
  143  9:45  Zergling x4  
  149  9:49  Hive  
  149  10:02  Drone  
  149  10:03  Drone x2, Extractor  
  149  10:05  Extractor  
  150  10:23  Infestor x2  
  111  10:52  Mutalisk, Hydralisk  
  111  10:53  Mutalisk, Roach, Hydralisk  
  111  10:54  Roach x2  
  118  11:05  Mutalisk  
  118  11:06  Roach  
  118  11:10  Zergling x12  
  128  11:19  Zergling x4  
  128  11:20  Zergling x12  
  128  11:25  Zergling x2  
  137  11:45  Zergling x4  
  137  11:46  Zergling x2  
  139  11:47  Zergling x4  
  139  11:49  Zergling x2  
  139  11:50  Zergling x4  
  136  12:15  Drone x2  
  137  12:22  Mutalisk, Hydralisk  
  141  12:23  Roach  
  137  12:33  Zergling x6  
  137  12:34  Zergling x6  
  133  12:46  Zergling x2  
  133  12:47  Swarm Host  
  133  12:48  Zergling x2  
  137  13:07  Hydralisk x2  
  137  13:08  Zergling x2  
  137  13:09  Hydralisk  
  137  13:10  Roach  
  137  13:11  Mutalisk, Roach, Viper, Hydralisk  
  137  13:12  Roach x2  
  159  13:29  Roach  
Show
View Real Time Build Order
Export as new Build Order

A.I. 1 (Harder) Terran 

Build Orders: MMM Bio 

Get SALT Encoding   

  12  0:00  SCV  
  13  0:13  SCV  
  14  0:18  Supply Depot  
  14  0:25  SCV  
  15  0:39  SCV  
  16  0:43  Barracks  
  16  0:49  Refinery  
  16  0:51  SCV  
  17  1:04  SCV  
  18  1:16  SCV  
  19  1:20  Supply Depot  
  19  1:28  SCV  
  19  1:32  Marine  
  21  1:40  Barracks  
  21  1:42  Orbital Command  
  21  1:47  Refinery  
  21  1:51  Barracks Tech Lab  
  21  2:07  Supply Depot  
  21  2:09  Marine  
  22  2:26  Marine  
  22  2:28  Marine  
  24  2:40  Supply Depot  
  24  2:44  Marine  
  24  2:46  Marine  
  26  3:02  Marine  
  26  3:04  Marine  
  28  3:13  Supply Depot  
  28  3:20  Marauder  
  28  3:22  SCV, Marine  
  33  3:34  SCV, Engineering Bay  
  33  3:40  Marine  
  34  3:42  Marauder  
  34  3:46  SCV  
  37  3:58  SCV  
  38  4:03  Marauder  
  38  4:05  Supply Depot  
  40  4:10  SCV  
  41  4:22  SCV  
  42  4:25  Marauder  
  44  4:46  Marauder  
  46  5:07  Marauder  
  48  5:29  Marauder  
  50  5:50  Barracks Tech Lab  
  50  5:51  Terran Infantry Weapons Level 1, Stimpack  
  50  5:53  Factory  
  50  5:56  Factory  
  50  6:00  Command Center  
  50  6:08  Combat Shields  
  50  6:24  Supply Depot  
  47  6:38  Missile Turret, Factory Tech Lab  
  50  6:40  Cyclone, Starport  
  50  6:41  Starport  
  50  6:44  Missile Turret  
  50  6:56  Siege Tank  
  53  7:04  Bunker  
  53  7:13  SCV x2  
  55  7:16  Viking  
  57  7:23  Refinery  
  57  7:25  SCV x2  
  57  7:26  Missile Turret  
  57  7:27  Concussive Shells  
  57  7:28  Siege Tank, Missile Turret  
  62  7:30  Starport Tech Lab, Factory Tech Lab, Refinery  
  62  7:36  Armory  
  62  7:37  SCV  
  62  7:38  SCV  
  64  7:46  Starport Tech Lab, Terran Infantry Armor Level 1  
  64  7:48  Viking  
  64  7:49  SCV  
  64  7:50  SCV  
  68  7:58  Bunker  
  68  8:01  SCV  
  68  8:02  SCV  
  70  8:07  Supply Depot  
  70  8:12  Raven  
  72  8:13  SCV  
  72  8:14  SCV  
  74  8:23  Thor  
  74  8:25  SCV  
  74  8:26  SCV  
  82  8:30  Raven  
  82  8:32  Supply Depot  
  84  8:37  SCV  
  84  8:39  SCV  
  84  8:41  Barracks  
  86  8:47  Sensor Tower  
  86  8:49  SCV  
  86  8:51  SCV  
  88  9:02  SCV  
  89  9:03  SCV  
  89  9:27  Barracks Reactor  
  89  10:10  Reaper, Medivac x2  
  89  10:12  Ghost Academy  
  89  10:14  Factory  
  94  10:17  Starport  
  94  10:19  Command Center, Supply Depot  
  94  10:34  Marine  
  94  10:39  Marine, Raven  
  94  10:40  Medivac  
  85  10:43  Supply Depot  
  85  10:44  Marine  
  85  10:49  Marine  
  63  10:52  Starport Reactor  
  63  10:54  Marine  
  59  10:57  Factory Tech Lab  
  59  10:59  Marine  
  60  11:04  Marine  
  60  11:09  Raven  
  61  11:12  Ghost  
  61  11:14  Marine  
  59  11:19  Marine  
  59  11:22  Medivac  
  59  11:25  Marauder  
  64  11:30  Hellion, Viking  
  64  11:31  Hellion x2  
  72  11:32  Reaper  
  72  11:35  Viking  
  66  11:40  Marine  
  66  11:45  SCV, Ghost  
  66  11:46  SCV, Refinery  
  59  11:49  Marine  
  59  11:51  Refinery  
  59  11:52  Medivac, Hellion, Viking  
  47  11:57  SCV  
  47  11:58  Marine, SCV  
  47  12:04  Marine  
  47  12:08  Marauder  
  42  12:09  SCV  
  42  12:14  Marauder  
  5  13:10  SCV  
  6  13:16  Command Center  
Tags
 
Composition
MMM Bio
Matchup
TvZ
Spawn Locations
Cross Positions
Add a new tag
Caveats
  • Supply blocks, unpowered buildings, or Contaminate may cause inaccurate times.
  • Supply counts are checked every 10 seconds.